 Dungeon Crawl Stone Soup version 0.17-a0-702-gb3a3556 (webtiles) character file.

157834 McCoppin the Peltast (level 17, 130/137 HPs)
             Began as a Mummy Fighter on Apr 18, 2015.
             Was an Initiate of Gozag.
             Quit the game on level 3 of the Swamp on July 23, 2015.
             The game lasted 03:46:44 (49322 turns).

McCoppin the Peltast (Mummy Fighter)               Turns: 49322, Time: 03:46:44

Health: 130/137    AC: 26    Str: 24    XL:     17   Next: 13%
Magic:  17/17      EV: 20    Int:  5    God:    Gozag
Gold:   2485       SH: 17    Dex: 19    Spells: 0 memorised, 16 levels left

rFire  + . .     SeeInvis .     O - +8 flail "Uximuibi" {speed, rC+}
rCold  + + +     Clarity  .     K - +7 chain mail of the Thunderstorm {+Blink rF+ Int-2 Stlth+}
rNeg   + + +     SustAb   .     V - +2 shield of Resistance {rF+ rC+ MR+}
rPois  ∞         Gourm    .     d - +0 hat {MR+}
rElec  .         Spirit   .     F - +2 cloak
rCorr  .         Warding  .     G - +2 pair of gloves
rMut   .         Stasis   .     (no boots)
MR     ++++.                    n - amulet of faith
Stlth  ..........               r - +6 ring of evasion
                                f - +5 ring of dexterity

@: incredibly resistant to hostile enchantments, extremely unstealthy
A: no food or potions, fire vulnerability, cold resistance 1, negative energy
resistance 3, torment resistance, unbreathing, in touch with death 1, restore
body
a: Self-Restoration, Potion Petition, Call Merchant, Bribe Branch, Renounce
Religion, Evoke Blink


You were on level 3 of the Swamp.
You worshipped Gozag.
Gozag was noncommittal.
You were not hungry.

You visited 5 branches of the dungeon, and saw 31 of its levels.
You also visited: Trove and Ice Cave.

You collected 25965 gold pieces.
You spent 5270 gold pieces at shops.
You paid 18210 gold pieces to Gozag.

Inventory:

Hand weapons
 O - the +8 flail "Uximuibi" (weapon) {speed, rC+}
   (You bought it in a shop on level 12 of the Dungeon)

   Attacks with this weapon are significantly faster.
   It protects you from cold.
 W - a +2 blowgun
Missiles
 m - 312 stones
 v - 15 poisoned needles
 Q - 6 throwing nets (quivered)
 X - 8 curare-tipped needles
 Y - 6 needles of slowing
Armour
 c - a +2 fire dragon armour
 d - a +0 hat of magic resistance (worn)
 F - a +2 cloak (worn)
 G - a +2 pair of gloves (worn)
 K - the +7 chain mail of the Thunderstorm (worn) {+Blink rF+ Int-2 Stlth+}
   (You bought it in a shop on level 11 of the Dungeon)

   It affects your intelligence (-2).
   It protects you from fire.
   It lets you blink.
   It makes you more stealthy.
 V - the +2 shield of Resistance (worn) {rF+ rC+ MR+}
   (You bought it in a shop on level 13 of the Dungeon)

   It protects you from fire.
   It protects you from cold.
   It affects your resistance to hostile enchantments.
Jewellery
 f - a +5 ring of dexterity (left hand)
 i - an uncursed ring of sustain abilities
 n - an amulet of faith (around neck)
 r - a +6 ring of evasion (right hand)
 s - an uncursed ring of protection from cold
 t - an uncursed ring of fire
Magical devices
 x - a wand of frost (28)
 y - a wand of lightning (8)
 z - a wand of slowing (18)
 I - a wand of disintegration (6)
 S - a wand of disintegration (15)
Scrolls
 a - 11 scrolls of noise
 e - 7 scrolls of magic mapping
 g - a scroll of immolation
 h - 3 scrolls of remove curse
 j - 6 scrolls of identify
 k - 3 scrolls of fog
 l - a scroll of enchant weapon {unknown}
 p - 2 scrolls of silence
 q - 2 scrolls of recharging
 w - 6 scrolls of summoning
 A - 10 scrolls of enchant armour
 B - 8 scrolls of amnesia
 C - 3 scrolls of fear
 E - a scroll of teleportation
Books
 b - a book of Cantrips

   Spells                             Type                      Level
   a - Corona                         Hexes                        1
   b - Animate Skeleton               Necromancy                   1
   c - Summon Small Mammal            Summoning                    1
   d - Apportation                    Translocation                1
 o - a book of Annihilations {highlevel, unknown}

   This book is beyond your current level of understanding.

   Spells                             Type                      Level
   a - Poison Arrow                   Conjuration/Poison           6
   b - Chain Lightning                Conjuration/Air              8
   c - Lehudib's Crystal Spear        Conjuration/Earth            8
   d - Glaciate                       Conjuration/Ice              9
   e - Fire Storm                     Conjuration/Fire             9
 u - Oviec's Disquisition on Shifting Earth
   (You found it on level 1 of the Swamp)

   Spells                             Type                      Level
   a - Stoneskin                      Transmutation/Earth          2
   b - Passwall                       Transmutation/Earth          3
   c - Petrify                        Transmutation/Earth          4
   d - Iron Shot                      Conjuration/Earth            6


   Skills:
 - Level 13.5 Fighting
 - Level 12.0 Maces & Flails
 + Level 11.6 Armour
 + Level 8.5 Dodging
 - Level 2.0 Stealth
 - Level 15.4 Shields


You had 16 spell levels left.
You didn't know any spells.

Dungeon Overview and Level Annotations

Branches:
Dungeon (15/15)            Temple (1/1) D:5            Lair (8/8) D:8
  Swamp (3/5) Lair:3       Spider (0/5) Lair:3        Slime (0/6) Lair:6
    Orc (4/4) D:10            Elf (0/3) Orc:4        Vaults (0/5) D:14
 Depths (0/5) D:15

Altars:
Ashenzari
Cheibriados
Dithmenos
Elyvilon
Fedhas
Gozag
Kikubaaqudgha
Makhleb
Nemelex Xobeh
Okawaru
Qazlal
Ru
Sif Muna
Trog
Vehumet
Xom
Yredelemnul
Zin
The Shining One
Beogh
Jiyva

Shops:
D:9 [   D:10 (   D:11 [   D:12 (   D:13 [   D:14 *   D:15 *   Orc:4 (=[*
Vaults:1 (   Vaults:2 *   Vaults:3 (   Vaults:4 *   Depths:1 *   Depths:3 ?
Depths:4 ?   Depths:5 (

Annotations:
D:7 Baka's ghost, experienced GrFi


Innate Abilities, Weirdness & Mutations

You do not eat or drink.
Your flesh is vulnerable to fire.
You are immune to poison.
Your flesh is cold resistant.
You are immune to negative energy.
You are immune to unholy pain and torment.
You can survive without breathing.
You are in touch with the powers of death.
You can restore your body by infusing magical energy.


Message History

You enter the shallow water.
Moving in this stuff is going to be slow.
You enter the shallow water.
Moving in this stuff is going to be slow.
You enter the shallow water.
Moving in this stuff is going to be slow.
You enter the shallow water.
Moving in this stuff is going to be slow.
The alligator is too close now for your liking.
An alligator is nearby!
An alligator is nearby!
An alligator is nearby!
Are you sure you want to abandon this character and quit the game? (Confirm with "yes".)
Okay, then.
You have 2485 gold pieces.
Char dumped successfully.
Welcome back, McCoppin the Mummy Fighter.
Gozag says: Greed is good.
Press ? for a list of commands and other information.
Are you sure you want to abandon this character and quit the game? (Confirm with "yes".)

≈≈≈≈≈♣ ♣....≈≈≈≈≈.§≈≈≈.≈≈. .%..♣♣
♣♣..≈≈≈≈≈≈.♣.≈≈.♣♣♣ ≈≈.♣♣
♣♣♣♣.♣≈≈≈≈<...≈≈.≈♣ ♣ ♣.♣♣
♣♣.≈≈..≈≈≈≈≈≈≈≈...♣♣♣♣ ♣♣♣
♣.≈≈♣.≈≈≈≈≈≈≈≈≈..♣.≈♣≈
♣≈≈.♣≈≈≈≈≈≈≈≈..§♣♣..>.
♣♣♣♣.≈♣♣♣.≈≈≈≈.♣≈≈. ♣.≈≈≈
♣≈♣♣♣♣♣♣♣≈≈......≈. ♣.≈≈≈ ♣♣♣
♣.≈..♣♣♣@≈≈...≈♣≈≈ ♣♣...≈ ♣≈.♣
♣..≈≈≈≈....≈♣♣♣♣.≈≈≈♣≈..≈ .♣≈♣
♣♣♣♣..≈≈≈≈...♣♣♣ .≈≈...§≈≈ ≈.♣♣
♣≈≈♣.≈≈≈≈≈≈≈.♣♣ ≈≈≈≈≈≈≈.
≈≈≈♣♣♣♣..[≈.≈≈≈≈≈≈t. ≈≈.≈≈≈..
≈.≈.≈≈≈......≈≈≈≈≈≈. ♣....≈≈..
..≈≈≈≈≈.......≈≈≈≈≈.. ♣..♣....
...≈≈≈≈...≈≈≈≈≈≈≈≈≈≈. ♣≈...
♣≈..≈...≈.≈.≈≈≈≈≈≈≈≈♣♣♣♣♣♣♣♣♣♣♣♣≈


You could see an alligator.

Vanquished Creatures
  A thorn hunter (Swamp:3)
  A tengu reaver (D:11)
  A frost giant (D:11)
  An orc warlord (Orc:4)
  2 rakshasas (D:14)
  Azrael (D:12)
  4 vault guards (D:14)
  A yaktaur captain (D:15)
  An ettin (Orc:4)
  Harold (Lair:2)
  An ice dragon (Lair:6)
  3 centaur warriors
  19 hydras
  Erica (D:11)
  3 catoblepae (Lair:8)
  A salamander stormcaller (D:14)
  A tengu warrior (D:12)
  3 alligators
  28 death yaks
  A spriggan berserker (Swamp:1)
  An orc high priest (Orc:4)
  Urug (D:11)
  Sonja (Lair:3)
  6 skeletal warriors
  2 swamp dragons
  3 spriggan druids
  4 unseen horrors
  3 ice statues (IceCv)
  6 orc knights
  A wolf spider zombie (D:14)
  5 griffons
  4 shambling mangroves
  7 hill giants
  3 manticores
  A wolf spider (D:14)
  5 orc sorcerers
  2 hornets
  An oklob plant (Lair:7)
  15 ugly things
  A cyclops (D:14)
  A moth of wrath (D:6)
  17 elephants
  12 black mambas
  12 spiny frogs
  4 gargoyles
  12 komodo dragons
  3 efreet
  2 yaktaurs
  2 fire drakes
  8 trolls
  4 wandering mushrooms (Lair:1)
  6 giant leeches
  A baby alligator (Lair:3)
  13 slime creatures
  8 blink frogs
  4 bog bodies
  11 ravens
  4 wyverns
  2 boulder beetles
  2 trapdoor spiders
  9 spriggans
  2 deep elf magi
  2 wraiths
  3 fire elementals (D:12)
  53 yaks
  2 shadows
  2 basilisks
  3 hungry ghosts
  12 vampire mosquitoes
  A steam dragon (Lair:5)
  12 hippogriffs
  6 mottled dragons
  18 wolves
  A soldier ant (D:13)
  10 wargs
  10 swamp worms
  31 orc warriors
  4 swamp drakes
  30 water moccasins
  A hell hound (D:12)
  14 porcupines
  3 sky beasts
  8 wasps
  24 ice beasts
  3 black bears
  8 spiders (Lair:3)
  5 phantoms
  2 eyes of draining
  2 boring beetles (Lair:8)
  6 centaurs
  13 ogres
  2 brain worms (D:13)
  22 crocodiles
  A boring beetle (shapeshifter) (D:8)
  2 big kobolds
  A gnoll sergeant (D:8)
  27 giant frogs
  2 scorpions
  14 killer bees
  A troll zombie (D:10)
  4 electric eels
  A vampire bat (D:9)
  23 wights
  3 jellies
  10 hounds
  11 crimson imps
  A quasit (D:10)
  3 giant frog zombies
  2 centaur zombies
  33 orc wizards
  A giant frog skeleton (D:12)
  27 orc priests
  5 centaur skeletons
  11 iguanas
  7 hell rats (Lair:3)
  13 worker ants
  7 ogre zombies (D:10)
  46 sheep
  A killer bee zombie (D:8)
  3 hound skeletons
  2 worker ant zombies
  7 gnolls
  80 river rats
  15 adders
  2 shadow imps
  3 oozes
  2 adder skeletons
  An adder zombie (D:5)
  2 worms
  138 orcs
  23 bats
  2 bat skeletons (D:6)
  2 bat zombies
  30 goblins
  24 hobgoblins
  3 quokkas
  12 giant cockroaches
  A giant cockroach zombie (D:6)
  10 giant geckos
  A giant gecko skeleton (D:8)
  6 giant newts
  A giant spore (D:9)
  3 goblin skeletons (D:10)
  A goblin zombie (D:10)
  A hobgoblin skeleton (D:10)
  A hobgoblin zombie (D:10)
  7 jackals
  2 jackal skeletons
  21 kobolds
  3 orc skeletons (D:10)
  16 orc zombies (D:10)
  A quokka zombie (D:9)
  20 rats
  42 ballistomycetes (D:9)
  7 bushes
  124 fungi
  255 plants
1730 creatures vanquished.

Vanquished Creatures (others)
  A fire vortex (D:14)
  A water moccasin (Lair:7)
  A phantom (D:11)
  An iguana (Lair:3)
  6 giant spores
  5 fungi
  32 plants
  11 toadstools (Lair:6)
58 creatures vanquished.

Grand Total: 1788 creatures vanquished

Notes
Turn   | Place    | Note
--------------------------------------------------------------
     0 | D:1      | McCoppin, the Mummy Fighter, began the quest for the Orb.
     0 | D:1      | Reached XP level 1. HP: 18/18 MP: 1/1
   111 | D:1      | Reached XP level 2. HP: 24/24 MP: 2/2
   476 | D:1      | Reached skill level 4 in Fighting
   525 | D:2      | Reached XP level 3. HP: 27/30 MP: 3/3
   817 | D:2      | Found a burning altar of Makhleb.
   833 | D:2      | Reached XP level 4. HP: 33/38 MP: 4/4
   867 | D:2      | Reached skill level 5 in Fighting
  1508 | D:3      | Noticed an ice beast
  1619 | D:3      | Found a shattered altar of Ashenzari.
  2320 | D:3      | Reached XP level 5. HP: 46/46 MP: 5/5
  2569 | D:4      | Found a shadowy altar of Dithmenos.
  2611 | D:4      | Found a basalt altar of Yredelemnul.
  2649 | D:4      | Noticed an ogre
  2667 | D:4      | Reached skill level 6 in Fighting
  2918 | D:3      | Killed an ice beast
  2918 | D:3      | Reached XP level 6. HP: 43/53 MP: 6/6
  2940 | D:4      | Reached skill level 7 in Fighting
  2978 | D:4      | Killed an ogre
  3398 | D:4      | Reached skill level 8 in Fighting
  3398 | D:4      | Reached XP level 7. HP: 62/62 MP: 7/7
  3477 | D:4      | Noticed a phantom
  3487 | D:4      | Killed a phantom
  3866 | D:5      | Entered Level 5 of the Dungeon
  3902 | D:5      | Found a staircase to the Ecumenical Temple.
  3991 | D:5      | Reached skill level 9 in Fighting
  4075 | Temple   | Entered the Ecumenical Temple
  4223 | D:5      | Reached XP level 8. HP: 46/71 MP: 8/8
  4473 | D:5      | Found a white marble altar of Elyvilon.
  4568 | D:5      | Found an opulent altar of Gozag.
  4569 | D:5      | Found a glowing silver altar of Zin.
  4577 | D:5      | Became a worshipper of Gozag Ym Sagoz the Greedy
  4656 | D:6      | Noticed a moth of wrath
  4868 | D:6      | Reached skill level 10 in Fighting
  5012 | D:6      | Found a sparkling altar of Nemelex Xobeh.
  5151 | D:6      | Found a bloodstained altar of Trog.
  5201 | D:6      | Killed a moth of wrath
  5201 | D:6      | Reached skill level 5 in Maces & Flails
  5201 | D:6      | Reached XP level 9. HP: 22/78 MP: 9/9
  6003 | D:7      | Noticed Baka's ghost (experienced GrFi)
  7648 | D:8      | Found a glowing silver altar of Zin.
  7727 | D:8      | Noticed a gargoyle
  7787 | D:8      | Reached XP level 10. HP: 85/85 MP: 10/10
  8088 | D:8      | Found a staircase to the Lair.
  8308 | D:8      | Reached skill level 10 in Maces & Flails
  8458 | D:8      | Found a deep blue altar of Sif Muna.
  8584 | D:8      | Killed a gargoyle
  9198 | D:8      | Killed an unseen horror
  9198 | D:8      | Reached skill level 11 in Maces & Flails
  9322 | D:8      | Noticed a griffon
  9337 | D:8      | Killed a griffon
 10079 | Lair:1   | Entered Level 1 of the Lair of Beasts
 10211 | Lair:1   | Reached XP level 11. HP: 47/90 MP: 11/11
 10519 | Lair:1   | Reached skill level 12 in Maces & Flails
 11456 | Lair:1   | Reached skill level 5 in Armour
 11751 | Lair:2   | Noticed Harold
 11808 | Lair:2   | Noticed a seven-headed hydra
 12250 | Lair:1   | Noticed a four-headed hydra
 13020 | Lair:2   | Killed a four-headed hydra
 13136 | Lair:2   | Killed Harold
 13660 | Lair:3   | Reached XP level 12. HP: 68/97 MP: 12/12
 13771 | Lair:3   | Found a hole to the Spider Nest.
 13996 | Lair:3   | Noticed a swamp dragon
 14012 | Lair:3   | Killed a swamp dragon
 14022 | Lair:3   | Found a staircase to the Swamp.
 14249 | Lair:3   | Noticed Sonja
 14300 | Lair:3   | Killed Sonja
 14472 | Lair:3   | Reached skill level 10 in Armour
 16225 | Lair:4   | Noticed a seven-headed hydra
 16240 | Lair:4   | Killed a seven-headed hydra
 17142 | Lair:5   | Found an ancient bone altar of Kikubaaqudgha.
 17216 | Lair:5   | Noticed a six-headed hydra
 17230 | Lair:5   | Killed a six-headed hydra
 17883 | Lair:5   | Gained mutation: You are in touch with the powers of death. [Mummy growth]
 17883 | Lair:5   | Gained mutation: You can restore your body by infusing magical energy. [Mummy growth]
 17883 | Lair:5   | Reached XP level 13. HP: 79/106 MP: 13/13
 18175 | Lair:5   | Reached skill level 5 in Shields
 18369 | Lair:6   | Found a frozen archway.
 18434 | IceCv    | Entered an ice cave
 18501 | IceCv    | Upgraded the game from 0.17-a0-670-g5d95ebd to 0.17-a0-701-gb6462b4
 19352 | IceCv    | Got a brightly glowing dire flail
 19363 | IceCv    | Got a polished broad axe
 19491 | IceCv    | Identified the +8 dire flail of the Reaper {flame, Int+2 Dex+2} (You found it in an ice cave)
 19492 | IceCv    | Identified the +8 broad axe "Masuiqae" {drain, +Fly rF+ rC+ Int-5} (You found it in an ice cave)
 19771 | Lair:6   | Reached skill level 1 in Stealth
 19802 | Lair:6   | Reached skill level 1 in Dodging
 20291 | Lair:6   | Found a viscous altar of Jiyva.
 20291 | Lair:6   | Found a staircase to the Slime Pits.
 20811 | Lair:6   | Noticed a dire elephant
 21905 | Lair:7   | Reached skill level 5 in Dodging
 23404 | Lair:7   | Found a basalt altar of Yredelemnul.
 23435 | Lair:7   | Upgraded the game from 0.17-a0-701-gb6462b4 to 0.17-a0-702-gb3a3556
 23442 | Lair:7   | Reached XP level 14. HP: 107/113 MP: 14/14
 24650 | Lair:7   | Found an ancient bone altar of Kikubaaqudgha.
 25018 | Lair:8   | Entered Level 8 of the Lair of Beasts
 27077 | Lair:8   | Reached skill level 10 in Shields
 29022 | Lair:2   | Reached XP level 15. HP: 118/118 MP: 15/15
 29358 | D:9      | Found Lechiemnio's Antique Armour Emporium.
 29373 | D:9      | Bought a runed hat for 140 gold pieces
 29546 | D:9      | Found a radiant altar of Vehumet.
 30497 | D:10     | Entered Level 10 of the Dungeon
 30643 | D:10     | Found Joclus's Weapon Boutique.
 30652 | D:10     | Got a pitted dagger
 30654 | D:10     | Identified the +6 dagger "Zairim" {pierce, *Rage MR++} (You found it on level 10 of the Dungeon)
 30943 | D:10     | Found a staircase to the Orcish Mines.
 31465 | D:11     | Noticed Erica
 31758 | D:11     | Killed Erica
 31815 | D:11     | Found a portal to a secret trove of treasure.
 32213 | D:11     | Found Adit's Antique Armour Emporium.
 32222 | D:11     | Bought a brightly glowing chain mail for 285 gold pieces
 32222 | D:11     | Bought a bloodstained helmet for 285 gold pieces
 32232 | D:11     | Identified the cursed -3 helmet "Roisaomel" {rC+} (You bought it in a shop on level 11 of the Dungeon)
 32242 | D:11     | Identified the +7 chain mail of the Thunderstorm {+Blink rF+ Int-2 Stlth+} (You bought it in a shop on level 11 of the Dungeon)
 32242 | D:11     | Lost intelligence.
 32305 | D:11     | Noticed Urug
 32331 | D:11     | Killed Urug
 32362 | D:11     | Noticed a tengu reaver
 32446 | D:11     | Killed a tengu reaver
 32848 | D:12     | Found Zyczeus's Antique Weapon Shoppe.
 32852 | D:12     | Bought a fine flail for 229 gold pieces
 32852 | D:12     | Identified the +8 flail "Uximuibi" {speed, rC+} (You bought it in a shop on level 12 of the Dungeon)
 33414 | D:12     | Noticed Azrael
 33429 | D:12     | Killed Azrael
 33983 | D:13     | Found Filiy's Antique Armour Shop.
 33993 | D:13     | Bought a slimy chain mail for 266 gold pieces
 33993 | D:13     | Bought the +2 shield of Resistance {rF+ rC+ MR+} for 1150 gold pieces
 33993 | D:13     | Bought a dazzling chain mail for 266 gold pieces
 34105 | D:13     | Identified the +2 chain mail "Cutaatt" {Dex+2} (You bought it in a shop on level 13 of the Dungeon)
 34115 | D:13     | Identified the +4 chain mail of Deik {Int+5 SInv} (You bought it in a shop on level 13 of the Dungeon)
 34257 | D:13     | Reached skill level 13 in Shields
 35063 | D:13     | Found a sparkling altar of Nemelex Xobeh.
 35267 | D:14     | Found Ossoll's General Store.
 35276 | D:14     | Bought a scroll of blinking for 112 gold pieces
 36034 | D:14     | Found a gate to the Vaults.
 36421 | D:14     | Reached skill level 14 in Shields
 37630 | D:14     | Reached XP level 16. HP: 99/125 MP: 16/16
 37717 | D:15     | Entered Level 15 of the Dungeon
 37723 | D:15     | Found Fibacliv's Assorted Antiques.
 37732 | D:15     | Bought a scroll of blinking for 210 gold pieces
 37732 | D:15     | Bought a scroll of magic mapping for 98 gold pieces
 37732 | D:15     | Bought a gilded ring for 140 gold pieces
 37934 | D:11     | Identified a scroll of acquirement
 37937 | D:11     | You paid a toll of 4 scrolls of blinking to enter a treasure trove
 37938 | Trove    | Entered a treasure trove
 37955 | Trove    | Got a slimy diamond amulet
 37962 | Trove    | Got a warped ivory amulet
 37964 | Trove    | Got a glittering bone ring
 37970 | Trove    | Got a bloodstained shield
 37983 | Trove    | Identified the +5 shield of Disaster {Regen+} (You found it in a treasure trove)
 37993 | Trove    | Identified the amulet of Balance {Ward rPois rC+ rN+ Str-3} (You found it in a treasure trove)
 37994 | Trove    | Identified the amulet "Jur Iwk" {+Rage Int+4} (You found it in a treasure trove)
 37995 | Trove    | Identified the ring of Poybbaidd {+/*Tele MR+++ Int-2 Dex-5 SInv} (You found it in a treasure trove)
 38762 | D:15     | Reached skill level 15 in Shields
 38766 | D:15     | Found a staircase to the Depths.
 39810 | Orc:1    | Entered Level 1 of the Orcish Mines
 40877 | Orc:4    | Entered Level 4 of the Orcish Mines
 41146 | Orc:4    | Found a roughly hewn altar of Beogh.
 41167 | Orc:4    | Found Mixtesang's Antique Armour Emporium.
 41542 | Orc:4    | Found Disor's Jewellery Emporium.
 41562 | Orc:4    | Found Acaino's General Store.
 41569 | Orc:4    | Bought a scroll of identify for 34 gold pieces
 41579 | Orc:4    | Found Fenezyth's Antique Weapon Emporium.
 41825 | Orc:4    | Found a staircase to the Elven Halls.
 43506 | Lair:2   | Killed a seven-headed hydra
 43636 | D:11     | Bought a glowing cloak for 135 gold pieces
 43636 | D:11     | Bought an embroidered hat for 120 gold pieces
 43953 | D:11     | Bought a runed fire dragon armour for 1800 gold pieces
 44488 | Swamp:1  | Entered Level 1 of the Swamp
 45751 | Swamp:1  | Identified Oviec's Disquisition on Shifting Earth
 48839 | Swamp:3  | Reached XP level 17. HP: 134/137 MP: 17/17
 49322 | Swamp:3  | Quit the game

Action                   |  1- 3 |  4- 6 |  7- 9 | 10-12 | 13-15 | 16-18 || total
-------------------------+-------+-------+-------+-------+-------+-------++-------
Melee: Flail             |    56 |   109 |       |       |   713 |  2085 ||  2963
       Hand axe          |       |    81 |   423 |   716 |       |       ||  1220
       Morningstar       |       |       |       |    23 |       |       ||    23
       Whip              |       |       |       |   675 |  2535 |       ||  3210
       Broad axe         |       |       |       |       |  1428 |       ||  1428
       Dire flail        |       |       |       |       |    61 |       ||    61
 Fire: Blowgun           |       |     5 |     7 |       |       |       ||    12
Throw: Throwing net      |       |       |       |     7 |       |       ||     7
Invok: Potion Petition   |       |       |     2 |     3 |     3 |     5 ||    13
       Call Merchant     |       |       |       |     2 |     6 |     7 ||    15
Evoke: Wand              |       |       |     2 |     3 |     1 |       ||     6
  Use: Scroll            |     2 |     5 |     4 |    13 |     8 |     6 ||    38
 Stab: Distracted        |       |       |     2 |     6 |    30 |    15 ||    53
       Invisible         |       |       |     5 |       |       |       ||     5
       Held in net/web   |       |       |       |     1 |       |       ||     1
       Petrifying        |       |       |       |       |     2 |       ||     2
       Petrified         |       |       |       |       |     1 |       ||     1
       Confused          |       |       |       |       |       |     4 ||     4
